 Dungeon Crawl Stone Soup version 0.18-a0-1311-g779ca93 (webtiles) character file.

25 Duffy the Insei (level 2, -2/26 HPs)
             Began as a Draconian Monk on Feb 13, 2016.
             Slain by a hobgoblin (3 damage)
             ... led by Robin
             ... on level 2 of the Dungeon.
             The game lasted 00:00:55 (778 turns).

Duffy the Insei (Draconian Monk)                     Turns: 778, Time: 00:00:55

Health: -2/26      AC:  4    Str: 13    XL:     2   Next: 82%
Magic:  2/2        EV:  8    Int: 10    God:
Gold:   1          SH:  0    Dex: 13    Spells: 0 memorised, 1 level left

rFire  . . .     SeeInvis .       - Unarmed
rCold  . . .     Gourm    .     (armour unavailable)
rNeg   . . .     Faith    .     (no shield)
rPois  .         Spirit   .     (helmet restricted)
rElec  .         Dismiss  .     (no cloak)
rCorr  .         Reflect  .     (no gloves)
SustAt .         Harm     .     (no boots)
MR     .....                    (no amulet)
Stlth  ++........               (no ring)
                                (no ring)

@: not resistant to hostile enchantments, unstealthy
A: unfitting armour, cold-blooded, AC +4
a: no special abilities


You were on level 2 of the Dungeon.
You were not hungry.

You visited 1 branch of the dungeon, and saw 2 of its levels.

You collected 1 gold pieces.


Innate Abilities, Weirdness & Mutations

Your plain brown scales are hard (AC +4).
Your body does not fit into most forms of armour.
You are cold-blooded and may be slowed by cold attacks.


   Skills:
 - Level 3.2 Fighting
 - Level 2.6 Dodging
 - Level 1.7 Stealth
 + Level 4.9 Unarmed Combat


You had one spell level left.
You didn't know any spells.

Inventory:

Scrolls
 c - a scroll of recharging {unknown}
Potions
 b - a potion of haste {unknown}
Comestibles
 a - 2 bread rations

Dungeon Overview and Level Annotations

Branches:
Dungeon (2/15)

Altars:

Annotations:
D:2 Robin


Message History

The hobgoblin hits you but does no damage.
The goblin shoots a stone.
The stone hits you. Robin hits you with a mace!
You are too injured to fight recklessly!
You are too injured to fight recklessly!
You are too injured to fight recklessly!
You are too injured to fight recklessly!
You are too injured to fight recklessly!
You are too injured to fight recklessly!
You are too injured to fight recklessly!
You are too injured to fight recklessly!
You are too injured to fight recklessly!
You are too injured to fight recklessly!
You are too injured to fight recklessly!
You are too injured to fight recklessly!
You are too injured to fight recklessly!
You are too injured to fight recklessly!
You are too injured to fight recklessly!
You are too injured to fight recklessly!
You are too injured to fight recklessly!
You are too injured to fight recklessly!
You are too injured to fight recklessly!
You are too injured to fight recklessly!
You are too injured to fight recklessly!
You are too injured to fight recklessly!
You are too injured to fight recklessly!
You are too injured to fight recklessly!
You are too injured to fight recklessly!
You are too injured to fight recklessly!
You are too injured to fight recklessly!
You are too injured to fight recklessly!
You are too injured to fight recklessly!
The goblin shoots a stone.
The stone hits you.
There is a stone staircase leading up here.
The hobgoblin hits you.
You die...

... ####..# ..... .....
..... #.#.#####.#... #
#...........# #.
...#.#(#.##.)....# #.
.......@g##......# #.
.......g(.#......# ##.
.........)#......#####..
.###..###.g(........ +.. #
#..... #.#....##.####..
.#..###..###.....).........
.............####.##..###..
#..###(.###........#.(....
#..#......#.#.#..###.


You could see Robin, a hobgoblin (frenzied) and a goblin (frenzied).

Action                   || total
-------------------------++-------
Melee: Unarmed           ||    73
 Stab: Sleeping          ||     2

Notes
Turn   | Place    | Note
--------------------------------------------------------------
     0 | D:1      | Duffy the Draconian Monk began the quest for the Orb.
     0 | D:1      | Reached XP level 1. HP: 19/19 MP: 1/1
   383 | D:2      | Reached XP level 2. HP: 26/26 MP: 2/2
   470 | D:2      | Noticed Robin
   778 | D:2      | Slain by a hobgoblin

Vault maps used:
D:1:      zaba_arrival_water, corexii_hall_statues_t
D:2:      marbit_many_paths, minmay_misc_feat_nine_boxes, uniq_robin

Vanquished Creatures
  11 goblins
  2 hobgoblins
  5 kobolds
  2 giant newts
  2 rats
22 creatures vanquished.
